 Dungeon Crawl Stone Soup version 0.28-b1-1-g3c77fb2ed1 (webtiles) character file.

Game seed: 14515389061598930936

417 Minsecho the Vexing (level 6, 0/61 HPs)
             Began as an Ogre Arcane Marksman on Jan 31, 2022.
             Killed by nerve-wracking pain
             ... invoked by an orc priest
              (9 damage)
             ... on level 4 of the Dungeon.
             The game lasted 00:10:49 (5736 turns).

Minsecho the Vexing (Ogre Arcane Marksman)          Turns: 5736, Time: 00:10:49

Health: 0/61       AC:  4    Str: 15    XL:     6   Next: 93%
Magic:  8/9        EV: 10    Int: 20    God:
Gold:   169        SH:  0    Dex: 11    Spells: 8/9 levels left

rFire   . . .      SeeInvis .   j - +0 whip
rCold   . . .      Faith    .   (no shield)
rNeg    . . .      Spirit   .   a - +0 robe
rPois   .          Reflect  .   (helmet restricted)
rElec   .          Harm     .   d - +0 cloak
rCorr   .          Rampage  .   (gloves unavailable)
Will    .....                   (boots unavailable)
Stlth   +.........              (no amulet)
HPRegen 0.20/turn               k - +6 ring of intelligence
MPRegen 0.11/turn               (no ring)

@: no status effects
A: large, unfitting armour, tough skin 1
a: no special abilities


You were on level 4 of the Dungeon.
You visited 1 branch of the dungeon, and saw 4 of its levels.

You collected 169 gold pieces.

Inventory:

Hand Weapons
 j - a +0 whip (weapon)
Missiles
 i - 48 stones (quivered)
Armour
 a - a +0 robe (worn)
 d - a +0 cloak (worn)
Jewellery
 k - a +6 ring of intelligence (left hand)
 l - an amulet of magic regeneration
Wands
 p - a wand of polymorph (4)
Scrolls
 b - a scroll of torment {unknown}
 h - a scroll of fear {unknown}
 m - a scroll of magic mapping {unknown}
 n - a scroll of teleportation {unknown}
 q - a scroll of identify
 r - a scroll of silence {unknown}
Potions
 c - 2 potions of brilliance {unknown}
 f - 3 potions of lignification
 g - 2 potions of ambrosia {unknown}
 o - 2 potions of heal wounds {unknown}
 s - a potion of might {unknown}


   Skills:
 + Level 3.2 Fighting
 + Level 2.9 Maces & Flails
 + Level 3.5 Throwing
 + Level 2.8 Dodging
 + Level 0.7 Stealth
 + Level 2.1 Spellcasting
 + Level 3.8 Hexes


You had 8 spell levels left.
You knew the following spells:

 Your Spells              Type           Power      Damage    Failure   Level
a - Slow                  Hex            68%        N/A       3%          1

Your spell library contained the following spells:

 Spells                   Type           Power      Damage    Failure   Level
 Inner Flame              Hex/Fire       9%         N/A       22%         3
 Portal Projectile        Hex/Tloc       18%        N/A       22%         3
 Cause Fear               Hex            8%         N/A       32%         4
 Blade Hands              Tmut           1%         N/A       99%         5
 Irradiate                Conj/Tmut      1%         3d14      99%         5
 Dragon Form              Tmut           1%         N/A       100%        7


Dungeon Overview and Level Annotations

Branches:
Dungeon (4/15)
 Temple: D:4-7

Altars:
Gozag
Hepliaklqana
Yredelemnul
Zin

Annotations:
D:4 Blork the orc


Innate Abilities, Weirdness & Mutations

You are too large for most types of armour.
You have tough skin. (AC +1)


Message History

You are too injured to fight recklessly!
You are too injured to fight recklessly!
You are too injured to fight recklessly!
You hit the orc priest but do no damage.
The orc priest hits you with a +0 hand axe.
You hit the orc priest but do no damage.
The orc priest hits you with a +0 hand axe.
* * * LOW HITPOINT WARNING * * *
You barely miss the orc priest.
The orc priest hits you with a +0 hand axe.
* * * LOW HITPOINT WARNING * * *
You hit the orc priest but do no damage.
The orc priest completely misses you.
You hit the orc priest.
The orc priest is moderately wounded.
The orc priest barely misses you.
You hit the orc priest but do no damage.
The orc priest is moderately wounded.
The orc priest hits you with a +0 hand axe.
* * * LOW HITPOINT WARNING * * *
You hit the orc priest but do no damage.
The orc priest is moderately wounded.
The orc priest hits you but does no damage.
Casting: Slow (safe; 3% risk of failure)
Confirm with . or Enter, or press ? or * to list all spells.
Aiming: Slow (safe; 3% risk of failure)
Press: ? - help, Shift-Dir - straight line, f - orc priest
Aim: an orc priest, wielding a +0 hand axe and wearing a +0 plate armour (moderately wounded, chance to affect: 56%)
The orc priest seems to slow down.
You hit the orc priest but do no damage.
The orc priest is moderately wounded.
The orc priest hits you with a +0 hand axe.
* * * LOW HITPOINT WARNING * * *
You hit the orc priest but do no damage.
The orc priest is moderately wounded.
You hit the orc priest but do no damage.
The orc priest is moderately wounded.
The orc priest calls down the wrath of Beogh upon you.
Pain shoots through your body!
You die...

####)####
.# ##.#
#<.# #.##
#.#
####.###
#......#
#.##.#)# #
#.#@#
#...o......
###.#.##.#.
#.#.# .##
..# . ...
### ## ♣≈.
≈♣♣P≈ ≈≈P≈♣
≈≈≈≈≈≈


You could see an orc priest (slow).

Vanquished Creatures
  A necrophage (D:4)
  A water moccasin skeleton (D:4)
  A hound (D:4)
  Natasha (thrice) (D:2)
  An orc wizard (D:4)
  A hound skeleton (D:4)
  4 adders
  An ufetubus (D:4)
  2 worms
  2 dart slugs
  An orc (D:4)
  9 ball pythons
  5 bats
  7 endoplasms
  6 giant cockroaches
  8 goblins
  7 hobgoblins
  8 jackals (D:3)
  5 quokkas
  2 frilled lizards
  6 kobolds
  4 rats
85 creatures vanquished.

Vanquished Creatures (others)
  30 plants (D:4)
30 creatures vanquished.

Grand Total: 115 creatures vanquished

Notes
Turn   | Place    | Note
-------+----------+-------------------------------------------
     0 | D:1      | Minsecho the Ogre Arcane Marksman began the quest for the
                  | Orb.
     0 | D:1      | Reached XP level 1. HP: 19/19 MP: 2/2
   467 | D:1      | Reached XP level 2. HP: 27/27 MP: 1/3
   514 | D:1      | Found a faded altar of an unknown god.
  1257 | D:2      | Reached XP level 3. HP: 28/33 MP: 2/4
  1953 | D:2      | Noticed Natasha
  1968 | D:2      | Killed Natasha
  1969 | D:2      | Reached XP level 4. HP: 30/42 MP: 6/6
  2012 | D:2      | Noticed Natasha
  2015 | D:2      | Killed Natasha
  2189 | D:2      | Noticed Natasha
  2198 | D:2      | Killed Natasha
  2199 | D:2      | Reached skill level 1 in Maces & Flails
  2199 | D:2      | Reached XP level 5. HP: 49/49 MP: 7/7
  3410 | D:3      | Found an opulent altar of Gozag.
  3410 | D:3      | Found a glowing silver altar of Zin.
  3477 | D:3      | Found a hazy altar of Hepliaklqana.
  3583 | D:3      | Found a basalt altar of Yredelemnul.
  4102 | D:4      | Reached XP level 6. HP: 42/59 MP: 8/8
  4776 | D:4      | Noticed Blork the orc
  5342 | D:4      | Noticed a necrophage
  5393 | D:4      | Killed a necrophage
  5736 | D:4      | Killed from afar by an orc priest

Illustrated notes

Levels and vault maps discovered:
D:1:      dpeg_arrival_lava_altar, layout_basic,
          nicolae_ecumenical_snake_handling
D:2:      layout_loops_ring, uniq_natasha
D:3:      layout_rooms, grunt_temple_overflow_gold_and_silver,
          mainiacjoe_overflow_alcove_4, mainiacjoe_overflow_brackets
D:4:      layout_loops_cross, serial_bayou, serial_bayou_pond_a,
          serial_bayou_pond_d, serial_bayou_crossing, serial_bayou_lake_a,
          serial_bayou_ford_a, uniq_duvessa, uniq_blork_the_orc

Skill      XL: |  1  2  3  4  5  6 |
---------------+-------------------+-----
Hexes          | 3 |  3.8
Dodging        | 2 |  2.8
Fighting       | 2 3 |  3.2
Throwing       | 3 |  3.5
Maces & Flails | 1 2 |  2.9
Spellcasting   | 2 |  2.1
Stealth        | |  0.7

Action                   |  1- 3 |  4- 6 || total
-------------------------+-------+-------++-------
Melee: Unarmed           |    44 |     2 ||    46
       Whip              |    50 |   328 ||   378
       Punch             |     1 |     4 ||     5
Throw: Large rock        |    40 |     8 ||    48
       Stone             |    31 |    52 ||    83
       Throwing net      |     1 |     2 ||     3
 Cast: Slow              |    11 |    19 ||    30
  Use: Scroll            |       |     2 ||     2
       Potion            |       |     4 ||     4
 Stab: Sleeping          |       |     1 ||     1
Armor: Robe              |    29 |    89 ||   118
Dodge: Dodged            |    68 |   164 ||   232
